TOP OF THE 1ST |
Nassau Rockets batting - Pitching for San Francisco Bandits : RHP Tim Murray
|
Pitching: RHP Tim Murray
|
|
Batting: RHB Alejandro Ramírez
|
0-0: Ball 1-0: Called Strike 1-1: DOUBLE (Line Drive, 7LM)
|
Batting: LHB Andrew Alvarado
|
0-0: Foul Ball, location: 2F 0-1: SINGLE (Line Drive, 9S) Alejandro Ramírez to third Runner from 3rd tries for Home, SAFE, no throw
|
Batting: RHB Wallace Greene
|
0-0: Ball 1-0: Ball Andrew Alvarado steals 2nd base 2-0: Foul Ball, location: 2F 2-1: Fly out, F8 (Flyball, 8LD)
|
Batting: LHB Wilson Allen
|
0-0: Called Strike Andrew Alvarado steals 3rd base 0-1: Foul Ball, location: 2F 0-2: Ball 1-2: Strikes out looking
|
Batting: SHB Edgardo Osorio
|
0-0: 2-RUN HOME RUN (Flyball, 9D), Distance : 377 ft
|
Batting: LHB Juan Romero
|
0-0: Called Strike 0-1: Ball 1-1: Ball 2-1: Ball 3-1: Base on Balls
|
Batting: LHB Dusty Wilson
|
0-0: Ball 1-0: Called Strike 1-1: Ball 2-1: Foul Ball, location: 2F 2-2: Ground out U3 (Groundball, 34S)
|
Top of the 1st over - 3 runs, 3 hits, 0 errors, 1 left on base; Nassau 3 - San Francisco 0 |
BOTTOM OF THE 1ST |
San Francisco Bandits batting - Pitching for Nassau Rockets : LHP Rod Adams
|
Pitching: LHP Rod Adams
|
|
Batting: RHB Peter Bishop
|
0-0: Ball 1-0: Fly out, F8 (Flyball, 8LM)
|
Batting: RHB Scott Merritt
|
0-0: Called Strike 0-1: Ball 1-1: SINGLE (Line Drive, 4D)
|
Batting: RHB Javier Ramírez
|
0-0: Ball Scott Merritt is caught stealing 2nd base 1-0: Ball 2-0: Foul Ball, location: 2F 2-1: Foul Ball, location: 2F 2-2: Ball 3-2: Foul Ball, location: 2F 3-2: Foul Ball, location: 2F 3-2: Foul Ball, location: 2F 3-2: Base on Balls
|
Batting: RHB Dale Taylor
|
0-0: Fly out, F8 (Flyball, 8RD)
|
Bottom of the 1st over - 0 runs, 1 hit, 0 errors, 1 left on base; Nassau 3 - San Francisco 0 |
TOP OF THE 2ND |
Nassau Rockets batting - Pitching for San Francisco Bandits : RHP Tim Murray
|
Batting: RHB Aaron Wilson
|
0-0: Ball 1-0: Called Strike 1-1: Ball 2-1: Ball 3-1: Called Strike 3-2: Ground out 4-3 (Groundball, 4)
|
Batting: RHB Jesús Villalobos
|
0-0: Ball 1-0: Ball 2-0: DOUBLE (Line Drive, 7LS)
|
Batting: RHB Alejandro Ramírez
|
0-0: SINGLE (Groundball, 6M) (infield hit) Jesús Villalobos to third
|
Batting: LHB Andrew Alvarado
|
0-0: Ball 1-0: Ball Alejandro Ramírez steals 2nd base 2-0: Ball 3-0: Called Strike 3-1: Called Strike 3-2: Fly out, F9 (Flyball, 9LM)
|
Batting: RHB Wallace Greene
|
0-0: Ball 1-0: SINGLE (Line Drive, 9S) Jesús Villalobos scores Alejandro Ramírez to third Runner from 3rd tries for Home, SAFE, no throw
|
Batting: LHB Wilson Allen
|
0-0: Called Strike 0-1: Ball 1-1: Fly out, F8 (Flyball, 78D)
|
Top of the 2nd over - 2 runs, 3 hits, 0 errors, 1 left on base; Nassau 5 - San Francisco 0 |
BOTTOM OF THE 2ND |
San Francisco Bandits batting - Pitching for Nassau Rockets : LHP Rod Adams
|
Batting: LHB Chris Austin
|
0-0: Called Strike 0-1: Ball 1-1: Ball 2-1: Ball 3-1: DOUBLE (Flyball, 8LXD)
|
Batting: RHB Michael Elliott
|
0-0: Called Strike 0-1: Swinging Strike 0-2: Foul Ball, location: 2F 0-2: Strikes out swinging passed ball, reaches first! Chris Austin to third
|
Batting: RHB Lorenzo Mota
|
0-0: Ball Wild Pitch! Chris Austin scores Michael Elliott to second 1-0: Ball 2-0: Ball 3-0: Base on Balls
|
Batting: RHB Ronald Parsons
|
0-0: Called Strike 0-1: Called Strike 0-2: Foul Ball, location: 2F 0-2: Strikes out swinging
|
Batting: LHB Alan McGilroy
|
0-0: Ball Michael Elliott steals 3rd base Lorenzo Mota to second 1-0: Ball 2-0: Ground out 4-3 (Groundball, 4D) Michael Elliott scores Lorenzo Mota to third
|
Batting: RHB Peter Bishop
|
0-0: Foul Ball, location: 2F 0-1: Ground out 5-3 (Groundball, 56)
|
Bottom of the 2nd over - 2 runs, 1 hit, 0 errors, 1 left on base; Nassau 5 - San Francisco 2 |
TOP OF THE 3RD |
Nassau Rockets batting - Pitching for San Francisco Bandits : RHP Fernando Llama
|
Pitching: RHP Fernando Llama
|
|
Batting: SHB Edgardo Osorio
|
0-0: Ball 1-0: Ball 2-0: Foul Ball, location: 2F 2-1: Swinging Strike 2-2: Ball 3-2: Foul Ball, location: 2F 3-2: Base on Balls
|
Batting: LHB Juan Romero
|
0-0: Ball 1-0: Ball 2-0: Foul Ball, location: 2F 2-1: Swinging Strike 2-2: Ground out 5-3 (Groundball, 56S) Edgardo Osorio to second
|
Batting: LHB Dusty Wilson
|
0-0: Called Strike 0-1: Called Strike Edgardo Osorio steals 3rd base 0-2: Ground out 4-3 (Groundball, 4) Edgardo Osorio scores
|
Batting: RHB Aaron Wilson
|
0-0: Swinging Strike 0-1: Ball 1-1: Ball 2-1: Foul Ball, location: 2F 2-2: Reached on error, E6 (Groundball, 6)
|
Batting: RHB Jesús Villalobos
|
0-0: Fly out, F6 (Line Drive, 6)
|
Top of the 3rd over - 1 run, 0 hits, 1 error, 1 left on base; Nassau 6 - San Francisco 2 |
BOTTOM OF THE 3RD |
San Francisco Bandits batting - Pitching for Nassau Rockets : LHP Rod Adams
|
Batting: RHB Scott Merritt
|
0-0: Ball 1-0: Ground out 5-3 (Groundball, 5L)
|
Batting: RHB Javier Ramírez
|
0-0: Swinging Strike 0-1: Swinging Strike 0-2: Ball 1-2: Strikes out looking
|
Batting: RHB Dale Taylor
|
0-0: Fly out, F5 (Popup, 56S)
|
Bottom of the 3rd over - 0 runs, 0 hits, 0 errors, 0 left on base; Nassau 6 - San Francisco 2 |
TOP OF THE 4TH |
Nassau Rockets batting - Pitching for San Francisco Bandits : RHP Fernando Llama
|
Batting: RHB Alejandro Ramírez
|
0-0: Called Strike 0-1: Ball 1-1: Ball 2-1: Called Strike 2-2: Ball 3-2: Strikes out swinging
|
Batting: LHB Andrew Alvarado
|
0-0: Called Strike 0-1: Ball 1-1: Ball 2-1: Ball 3-1: Base on Balls
|
Batting: RHB Wallace Greene
|
0-0: Ball 1-0: Called Strike Andrew Alvarado is caught stealing 2nd base 1-1: Ball 2-1: Fly out, F9 (Flyball, 89S)
|
Top of the 4th over - 0 runs, 0 hits, 0 errors, 0 left on base; Nassau 6 - San Francisco 2 |
BOTTOM OF THE 4TH |
San Francisco Bandits batting - Pitching for Nassau Rockets : LHP Rod Adams
|
Batting: LHB Chris Austin
|
0-0: Fly out, F8 (Flyball, 8RS)
|
Batting: RHB Michael Elliott
|
0-0: Ground out 6-3 (Groundball, 6)
|
Batting: RHB Lorenzo Mota
|
0-0: Foul Ball, location: 2F 0-1: Fly out, F9 (Flyball, 9D)
|
Bottom of the 4th over - 0 runs, 0 hits, 0 errors, 0 left on base; Nassau 6 - San Francisco 2 |
TOP OF THE 5TH |
Nassau Rockets batting - Pitching for San Francisco Bandits : RHP Fernando Llama
|
Batting: LHB Wilson Allen
|
0-0: Foul Ball, location: 2F 0-1: Ball 1-1: Swinging Strike 1-2: Ground out 4-3 (Groundball, 4)
|
Batting: SHB Edgardo Osorio
|
0-0: Called Strike 0-1: Called Strike 0-2: Ball 1-2: Ball 2-2: Ball 3-2: SINGLE (Groundball, 4MD)
|
Batting: LHB Juan Romero
|
0-0: Called Strike 0-1: Called Strike 0-2: Fly out, F8 (Flyball, 89M)
|
Batting: LHB Dusty Wilson
|
0-0: Called Strike 0-1: Swinging Strike 0-2: Ground out 4-3 (Groundball, 4)
|
Top of the 5th over - 0 runs, 1 hit, 0 errors, 1 left on base; Nassau 6 - San Francisco 2 |
BOTTOM OF THE 5TH |
San Francisco Bandits batting - Pitching for Nassau Rockets : LHP Rod Adams
|
Batting: RHB Ronald Parsons
|
0-0: Called Strike 0-1: Ball 1-1: Ball 2-1: Ground out 4-3 (Groundball, 4)
|
Batting: LHB Alan McGilroy
|
0-0: Ground out 3-1 (Groundball, 34)
|
Batting: RHB Peter Bishop
|
0-0: Ball 1-0: Swinging Strike 1-1: Foul Ball, location: 2F 1-2: Fly out, F6 (Popup, 6M)
|
Bottom of the 5th over - 0 runs, 0 hits, 0 errors, 0 left on base; Nassau 6 - San Francisco 2 |
TOP OF THE 6TH |
Nassau Rockets batting - Pitching for San Francisco Bandits : RHP Fernando Llama
|
Batting: RHB Aaron Wilson
|
0-0: Called Strike 0-1: Called Strike 0-2: Ball 1-2: Ball 2-2: Fly out, F7 (Flyball, 78D)
|
Pitching: RHP Alfonso Martínez
|
|
Batting: RHB Jesús Villalobos
|
0-0: Ball 1-0: Foul Ball, location: 2F 1-1: Hit by Pitch
|
Batting: RHB Alejandro Ramírez
|
0-0: Called Strike Jesús Villalobos steals 2nd base 0-1: Ball 1-1: Fly out, F8 (Flyball, 8RM)
|
Batting: LHB Andrew Alvarado
|
0-0: Called Strike 0-1: Swinging Strike 0-2: Ground out 6-3 (Groundball, 6)
|
Top of the 6th over - 0 runs, 0 hits, 0 errors, 1 left on base; Nassau 6 - San Francisco 2 |
BOTTOM OF THE 6TH |
San Francisco Bandits batting - Pitching for Nassau Rockets : LHP Rod Adams
|
Batting: RHB Scott Merritt
|
0-0: Ball 1-0: Foul Ball, location: 2F 1-1: Ball 2-1: Foul Ball, location: 2F 2-2: Foul Ball, location: 2F 2-2: Ball 3-2: Foul Ball, location: 2F 3-2: Foul Ball, location: 2F 3-2: Base on Balls
|
Batting: RHB Javier Ramírez
|
0-0: Swinging Strike 0-1: 2-RUN HOME RUN (Flyball, 7LD), Distance : 381 ft
|
Batting: RHB Dale Taylor
|
0-0: Foul Ball, location: 2F 0-1: Ball 1-1: Swinging Strike 1-2: Strikes out swinging
|
Batting: LHB Chris Austin
|
0-0: SINGLE (Line Drive, 7S)
|
Batting: RHB Michael Elliott
|
0-0: Called Strike 0-1: Ball 1-1: Called Strike 1-2: Foul Ball, location: 2F 1-2: Strikes out looking
|
Batting: RHB Lorenzo Mota
|
0-0: Swinging Strike 0-1: Ball 1-1: Foul Ball, location: 2F 1-2: Ball 2-2: Ball 3-2: Fly out, F8 (Line Drive, 8RM)
|
Bottom of the 6th over - 2 runs, 2 hits, 0 errors, 1 left on base; Nassau 6 - San Francisco 4 |
TOP OF THE 7TH |
Nassau Rockets batting - Pitching for San Francisco Bandits : RHP Alfonso Martínez
|
Batting: RHB Wallace Greene
|
0-0: Ball 1-0: Ball 2-0: SINGLE (Groundball, 56D)
|
Pitching: LHP Yoshihiro Hasegawa
|
|
Batting: LHB Wilson Allen
|
0-0: Ball 1-0: Called Strike 1-1: Foul Ball, location: 2F 1-2: Ball 2-2: Strikes out swinging
|
Batting: SHB Edgardo Osorio
|
0-0: Called Strike 0-1: Ball 1-1: Foul Ball, location: 2F 1-2: Strikes out looking
|
Batting: LHB Juan Romero
|
0-0: Swinging Strike Wallace Greene steals 2nd base 0-1: Ball 1-1: Ball 2-1: Ball 3-1: Base on Balls
|
Batting: LHB Dusty Wilson
|
0-0: Ground out U3 (Groundball, 3)
|
Top of the 7th over - 0 runs, 1 hit, 0 errors, 2 left on base; Nassau 6 - San Francisco 4 |
BOTTOM OF THE 7TH |
San Francisco Bandits batting - Pitching for Nassau Rockets : LHP Rod Adams
|
Batting: RHB Ronald Parsons
|
0-0: Fly out, F7 (Flyball, 7D)
|
Batting: LHB Alan McGilroy
|
0-0: Swinging Strike 0-1: Ball 1-1: Called Strike 1-2: Ball 2-2: Ball 3-2: Foul Ball, location: 2F 3-2: Foul Ball, location: 2F 3-2: Foul Ball, location: 2F 3-2: Base on Balls
|
Batting: RHB Peter Bishop
|
0-0: Fly out, F9 (Flyball, 9)
|
Batting: RHB Scott Merritt
|
0-0: Called Strike 0-1: Ball 1-1: Foul Ball, location: 2F 1-2: Foul Ball, location: 2F 1-2: Strikes out swinging
|
Bottom of the 7th over - 0 runs, 0 hits, 0 errors, 1 left on base; Nassau 6 - San Francisco 4 |
TOP OF THE 8TH |
Nassau Rockets batting - Pitching for San Francisco Bandits : LHP Yoshihiro Hasegawa
|
Pitching: RHP Mitsunari Taguchi
|
|
Batting: RHB Aaron Wilson
|
0-0: Called Strike 0-1: Fly out, F5 (Line Drive, 5)
|
Batting: RHB Jesús Villalobos
|
0-0: Ball 1-0: Called Strike 1-1: Swinging Strike 1-2: Ball 2-2: Ground out 6-3 (Groundball, 6)
|
Batting: RHB Alejandro Ramírez
|
0-0: Ball 1-0: Ground out 5-3 (Groundball, 56)
|
Top of the 8th over - 0 runs, 0 hits, 0 errors, 0 left on base; Nassau 6 - San Francisco 4 |
BOTTOM OF THE 8TH |
San Francisco Bandits batting - Pitching for Nassau Rockets : LHP Rod Adams
|
Pitching: RHP Kenkichi Morimoto
|
|
Batting: RHB Javier Ramírez
|
0-0: Called Strike 0-1: Foul Ball, location: 2F 0-2: Foul Ball, location: 2F 0-2: Foul Ball, location: 2F 0-2: Ball 1-2: Ground out 6-3 (Groundball, 6)
|
Batting: RHB Dale Taylor
|
0-0: Ball 1-0: Called Strike 1-1: Ground out 1-3 (Groundball, 15)
|
Pitching: LHP Dennis Taylor
|
|
Batting: LHB Chris Austin
|
0-0: Foul Ball, location: 2F 0-1: Foul Ball, location: 2F 0-2: Foul Ball, location: 2F 0-2: Ball 1-2: Foul Ball, location: 2F 1-2: Strikes out looking
|
Bottom of the 8th over - 0 runs, 0 hits, 0 errors, 0 left on base; Nassau 6 - San Francisco 4 |
TOP OF THE 9TH |
Nassau Rockets batting - Pitching for San Francisco Bandits : RHP Mitsunari Taguchi
|
Batting: LHB Andrew Alvarado
|
0-0: Called Strike 0-1: Ground out 4-3 (Groundball, 4)
|
Batting: RHB Wallace Greene
|
0-0: Called Strike 0-1: Ground out 5-3 (Groundball, 56)
|
Batting: LHB Wilson Allen
|
0-0: Called Strike 0-1: Ball 1-1: Called Strike 1-2: Ball 2-2: Foul Ball, location: 2F 2-2: Strikes out looking
|
Top of the 9th over - 0 runs, 0 hits, 0 errors, 0 left on base; Nassau 6 - San Francisco 4 |
BOTTOM OF THE 9TH |
San Francisco Bandits batting - Pitching for Nassau Rockets : LHP Dennis Taylor
|
Pitching: RHP Suezo Morimoto
|
|
Batting: RHB Michael Elliott
|
0-0: Ball 1-0: Ball 2-0: Fly out, F7 (Flyball, 78S)
|
Batting: RHB Lorenzo Mota
|
0-0: Called Strike 0-1: Ball 1-1: Ball 2-1: Ground out 6-3 (Groundball, 6)
|
Batting: RHB Ronald Parsons
|
0-0: Fly out, F9 (Flyball, 9S)
|
Bottom of the 9th over - 0 runs, 0 hits, 0 errors, 0 left on base; Nassau 6 - San Francisco 4 |
|